 Dungeon Crawl Stone Soup version 0.15-a0-217-g70ad64b (webtiles) character file.

330 PolkaDot the Cutter (level 5, 0/39 HPs)
             Began as a Vampire Death Knight on Apr 23, 2014.
             Was a Believer of Yredelemnul.
             Succumbed to poison (a potion of poison)
             ... on Level 4 of the Dungeon.
             The game lasted 00:11:54 (3295 turns).

PolkaDot the Cutter (Vampire Death Knight)          Turns: 3295, Time: 00:11:54

HP   0/39        AC  4     Str 12      XL: 5   Next:  8%
MP   8/8         EV 12     Int 13      God: Yredelemnul [**....]
Gold 183         SH  0     Dex 19      Spells:  0 memorised,  4 levels left

rFire  . . .     SeeInvis +     a - +2 short sword
rCold  . . .     Clarity  .     b - +0 leather armour
rNeg   . . .     Conserve .     (no shield)
rPois  .         rCorr    .     j - +0 helmet
rElec  .         rRot     .     (no cloak)
SustAb . .       Spirit   .     (no gloves)
rMut   .         Warding  .     (no boots)
Saprov . . .     Stasis   .     (no amulet)
MR     .....                    (no ring)
                                m - +5 ring of dexterity

@: regenerating quickly, lethally poisoned, not resistant to hostile
enchantments, unstealthy
A: fangs 3, see invisible, unbreathing
a: Animate Remains, Recall Undead Slaves, Injury Mirror, Renounce Religion


You were on level 4 of the Dungeon.
You worshipped Yredelemnul.
Yredelemnul was pleased with you.
You were full.

You visited 1 branch of the dungeon, and saw 4 of its levels.

You collected 183 gold pieces.

Inventory:

Hand weapons
 a - a +2,+2 short sword (weapon)
Missiles
 i - 4 darts of flame
 k - a dart (quivered)
 o - 4 darts of dispersal
Armour
 b - a +0 leather armour (worn)
 j - a +0 helmet (worn)
Scrolls
 c - a scroll of enchant weapon I
 d - a scroll of random uselessness
 f - 4 scrolls of remove curse
 g - 4 scrolls of identify
 h - 5 scrolls of amnesia
Jewellery
 m - a +5 ring of dexterity (left hand)
Potions
 e - a potion of brilliance


   Skills:
 - Level 2.3 Fighting
 * Level 3.7 Short Blades
 - Level 1.3 Armour
 + Level 2.5 Dodging
 + Level 3.2 Invocations


You had 4 spell levels left.
You didn't know any spells.

Dungeon Overview and Level Annotations

Branches:
Dungeon (4/15)
 Temple: D:4-7

Altars:


Innate Abilities, Weirdness & Mutations

Your natural rate of healing is unusually fast.
You have razor-sharp teeth.*
You have supernaturally acute eyesight.
You can survive without breathing.*


Message History

The orc priest glows brightly for a moment.
Read which item? (? for menu, Esc to quit)
As you read the scroll labeled COUFRY PUUR, it crumbles to dust.
You feel strangely unstable.
It was a scroll of teleportation.
The orc priest hits you with a flail.
* * * LOW HITPOINT WARNING * * *
You hit the orc priest.
The orc priest is lightly wounded.
You feel sick.
The orc priest becomes somewhat translucent.
You feel sick.
The orc wizard completely misses your butterfly.
Your surroundings suddenly seem different.
The giant newt bites you.
* * * LOW HITPOINT WARNING * * *
Found a dagger.
Found a stone staircase leading down.
A giant newt and a scorpion come into view.
Found 2 blue potions.
You die...
Yredelemnul claims you as an undead slave.

*,*,,,>,,,*,,,,,,,*,,,>,,,
*,*,,,,,,,*,,,,.,,*,,,,,,,
*,*,,,,,,,*,,,,..,**,,,,,,
*,,,,,,,,,,,,,...,,,,,,,**
****,********#.##******,*
*,* *#...## *,* *,*
####.....##****,*
#.####..s........,,,,*
#.!...@#l..>...#******
####.#..)......#
#,##.#.....## *,*#......##
*,*####.### *,,,,,,.#
*******##


You could see a scorpion.

Vanquished Creatures
  Terence (D:3)
  7 adders
  A worm (D:3)
  2 oozes
  3 orcs
  A ball python (D:2)
  6 bats
  8 hobgoblins
  A jackal (D:3)
  12 kobolds
  A giant cockroach (D:3)
  4 giant geckos
  A giant newt (D:2)
  10 goblins
  9 rats
67 creatures vanquished.

Vanquished Creatures (collateral kills)
  A hobgoblin (D:2)
1 creature vanquished.

Vanquished Creatures (others)
  A worm zombie (D:3)
  A bat zombie (D:2)
  A giant gecko skeleton (D:3)
  2 goblin skeletons (D:2)
  A human skeleton (D:3)
  A kobold zombie (D:3)
  A rat skeleton (D:3)
8 creatures vanquished.

Grand Total: 76 creatures vanquished

Notes
Turn   | Place    | Note
--------------------------------------------------------------
     0 | D:1      | PolkaDot, the Vampire Death Knight, began the quest for the Orb.
     0 | D:1      | Reached XP level 1. HP: 16/16 MP: 1/1
   500 | D:1      | Reached XP level 2. HP: 13/22 MP: 2/2
  1001 | D:2      | Reached skill level 1 in Armour
  1200 | D:2      | Reached XP level 3. HP: 25/28 MP: 4/4
  1282 | D:2      | Reached skill level 3 in Short Blades
  1290 | D:2      | Acquired Yredelemnul's second power
  1679 | D:3      | Noticed Terence
  1681 | D:3      | Reached XP level 4. HP: 32/34 MP: 6/6
  1707 | D:3      | Killed Terence
  1886 | D:3      | Noticed a sky beast
  1896 | D:3      | Your ally Terence died
  2375 | D:3      | HP: 1/34 [poisoned by an adder]
  2864 | D:3      | Reached XP level 5. HP: 22/39 MP: 4/8
  3293 | D:4      | HP: 1/39 [giant newt (2)]
  3295 | D:4      | Succumbed to poison (a potion of poison)

Action                   |  1- 3 |  4- 6 || total
-------------------------+-------+-------++-------
Melee: Short sword       |   115 |   147 ||   262
Throw: Dart              |    11 |       ||    11
Invok: Animate Remains   |     6 |    10 ||    16
       Recall Undead Sla |       |     1 ||     1
  Use: Potion            |       |     8 ||     8
       Scroll            |       |     8 ||     8
